 Dungeon Crawl Stone Soup version 0.30-a0-757-ga6a79fd877 (webtiles) character file.

Game seed: 6975614918818200765

282 BigDaddyOpFi the Trooper (level 6, -4/56 HPs)
             Began as a Hill Orc Fighter on Feb 9, 2023.
             Succumbed to Duvessa's poison
             ... on level 4 of the Dungeon.
             The game lasted 00:03:03 (3030 turns).

BigDaddyOpFi the Trooper (Hill Orc Fighter)         Turns: 3030, Time: 00:03:04

Health: -4/56      AC: 14    Str: 21    XL:     6   Next: 28%
Magic:  6/6        EV:  6    Int:  6    God:
Gold:   128        SH:  4    Dex: 10    Spells: 5/5 levels left

rFire   . . .      SeeInvis .    a - +0 war axe
rCold   . . .      Faith    .    c - +0 buckler
rNeg    . . .      Spirit   .    t - +0 plate armour
rPois   .          Reflect  .    j - +0 helmet
rElec   .          Harm     .    u - scarf {shadows}
rCorr   .          Rampage  .    (no gloves)
Will    .....                    h - +0 pair of boots Stlth
                                 (no amulet)
HPRegen 0.29/turn                (no ring)
MPRegen 0.10/turn                (no ring)

@: lethally poisoned (-4 -> -39), attractive, hasted, very quick
A: dopey 1
a: no special abilities


You were on level 4 of the Dungeon.
You visited 1 branch of the dungeon, and saw 4 of its levels.

You collected 128 gold pieces.

Inventory:

Hand Weapons
 a - a +0 war axe (weapon)
Missiles
 b - a throwing net (quivered)
Armour
 c - a +0 buckler (worn)
 h - a +0 pair of boots (worn)
 j - a +0 helmet (worn)
 t - a +0 plate armour (worn)
 u - a scarf of shadows (worn)
Scrolls
 e - a scroll of magic mapping
 f - a scroll of fear
 g - a scroll of vulnerability
 i - a scroll of teleportation
 l - a scroll of torment
 s - a scroll of enchant weapon {unknown}
 v - a scroll of amnesia {unknown}
Potions
 d - a potion of might
 k - a potion of flight {unknown}
 m - a potion of heal wounds {unknown}
 n - a potion of lignification {unknown}
 o - a potion of attraction
 p - 2 potions of invisibility
 q - a potion of ambrosia {unknown}
 r - a potion of curing {unknown}
 w - a potion of haste
 x - a potion of mutation


   Skills:
 + Level 5.2 Fighting
 + Level 4.8 Axes
 + Level 4.6 Armour
 + Level 4.7 Shields


You had 5 spell levels left.
You didn't know any spells.
Your spell library was empty.

Dungeon Overview and Level Annotations

Branches:
Dungeon (4/15)
 Temple: D:4-7

Altars:

Annotations:
D:4 Duvessa


Innate Abilities, Weirdness & Mutations

You are dopey. (Int -2)


Message History

You kill Dowan!
You hear a distant scream of rage.
x - 2 metallic brown potions
Things that are here:
a +0 dagger; a +0 robe; a hound corpse HP restored.
Found a stone staircase leading up.
No target in view!
Duvessa, Sister of Dowan comes into view.
She is wielding a +0 short sword of venom.
Duvessa shouts!
Duvessa goes berserk!
You barely miss Duvessa.
Duvessa hits you with a +0 short sword of venom!
You are poisoned.
Duvessa hits you with a +0 short sword of venom.
You are more poisoned.
Duvessa is nearby!
You hit Duvessa.
Duvessa is lightly wounded.
You feel very sick. You block Duvessa's attack.
Duvessa hits you with a +0 short sword of venom!
You are lethally poisoned!
There is a lethal amount of poison in your body!
It was a potion of attraction.
You feel attractive to monsters.
* * * LOW HITPOINT WARNING * * *
You feel extremely sick. Duvessa barely misses you.
Duvessa hits you but does no damage.
You can't see any enemies this would affect, really read the scroll of fear?
Okay, then.
It was a potion of haste.
You feel yourself speed up.
* * * LOW HITPOINT WARNING * * *
You feel very sick.
Duvessa hits you with a +0 short sword of venom.
* * * LOW HITPOINT WARNING * * *
You are more poisoned.
It was a potion of mutation.
You feel extremely strange.
You feel stupid.
You die...

#.#.# #.#.##### ..
#........ # ..
######.#.##### #. ##.
#......#.# .<#..
#.####.#.# ... #.#
#.#.#
#.###e####.####.#...
......@.....)...###.#
##########.###..# #.#
#.# #..# #.# #.#
#..###.## #.#
#..##...## #.#
#....>.... #.#
#.###...## #.# #.#
##.## #.###.####.#


You could see Duvessa (berserk).

Vanquished Creatures
  Dowan (D:4)
  A hound (D:4)
  2 orc wizards (D:3)
  4 gnolls (D:3)
  4 adders
  2 dart slugs
  4 orcs (D:3)
  5 endoplasms
  2 giant cockroaches
  9 hobgoblins
  6 jackals
  9 kobolds
  A quokka (D:1)
  4 ball pythons
  5 bats
  4 frilled lizards
  6 goblins
  8 rats
77 creatures vanquished.

Vanquished Creatures (others)
  An orc (D:3)
1 creature vanquished.

Grand Total: 78 creatures vanquished

Notes
Turn   | Place    | Note
-------+----------+-------------------------------------------
     0 | D:1      | BigDaddyOpFi the Hill Orc Fighter began the quest for the
                  | Orb.
     0 | D:1      | Reached XP level 1. HP: 19/19 MP: 1/1
   102 | D:1      | Reached XP level 2. HP: 27/27 MP: 2/2
   310 | D:1      | Reached skill level 4 in Fighting
   346 | D:1      | Reached XP level 3. HP: 33/33 MP: 3/3
  1284 | D:2      | Reached XP level 4. HP: 41/41 MP: 4/4
  1796 | D:3      | Reached XP level 5. HP: 21/47 MP: 5/5
  1934 | D:3      | Found a faded altar of an unknown god.
  3006 | D:4      | Noticed Dowan
  3011 | D:4      | Reached skill level 5 in Fighting
  3011 | D:4      | Reached XP level 6. HP: 53/56 MP: 6/6
  3015 | D:4      | Killed Dowan
  3025 | D:4      | Noticed Duvessa
  3029 | D:4      | HP: 1/56 [Duvessa/+0 short sword of venom (3)]
  3030 | D:4      | Gained mutation: You are dopey. (Int -2) [potion of
                  | mutation]
  3030 | D:4      | Succumbed to Duvessa's poison

Illustrated notes

Levels and vault maps discovered:
D:1:      elethiomel_arrival_quiet, layout_loops_corners, st_stairs_13,
          minmay_cupped
D:2:      layout_basic, serial_bayou_pond_e, hex_large
D:3:      layout_loops_corners, basic_ecumenical_altar
D:4:      layout_loops_ring, mainiacjoe_overflow_surrounded_room, uniq_robin,
          uniq_duvessa, uniq_ijyb

Skill      XL: |  1  2  3  4  5 |
---------------+----------------+-----
Axes           | 3 4 |  4.8
Fighting       | 4 5 |  5.2
Shields        | 4 |  4.7
Armour         | 4 |  4.6

Action                     |  1- 3 |  4- 6 || total
---------------------------+-------+-------++-------
  Melee: War axe           |   111 |   113 ||   224
    Use: Potion            |       |     4 ||     4
         Scroll            |       |     6 ||     6
   Stab: Invisible         |       |     1 ||     1
 Armour: Scale mail        |    53 |    32 ||    85
         Plate armour      |       |    50 ||    50
  Dodge: Dodged            |    51 |    43 ||    94
  Block: Buckler           |    18 |    32 ||    50

Table legend: (Time is in decaauts)
 A = Elapsed time spent in this place.
 B = Non-inter-level travel time spent in this place.
 C = Inter-level travel time spent in this place.
 D = Time resting spent in this place.
 E = Time spent auto-exploring this place.
 F = Levels seen in this place.
 G = Mean time per level.
                   A        B        C        D        E       F      G
               +--------+--------+--------+--------+--------+-----+--------+
         Total |   3108 |   3025 |     83 |      0 |   2430 |   4 |  777.0 |
       Dungeon |   3108 |   3025 |     83 |      0 |   2430 |   4 |  777.0 |
               +--------+--------+--------+--------+--------+-----+--------+

Top non-repeatable levels by time:
     D:3: 1225 daAuts
     D:1: 1031 daAuts
     D:2: 779 daAuts
     D:4: 71 daAuts
